 Dungeon Crawl Stone Soup version 0.26.0-16-gc1dbca0489 (webtiles) character file.

Game seed: 1422313352596091365

18 thiole the Sneak (level 2, -2/17 HPs)
             Began as an Octopode Hedge Wizard on Jan 19, 2021.
             Slain by an adder (4 damage)
             ... on level 2 of the Dungeon.
             The game lasted 00:00:49 (537 turns).

thiole the Sneak (Octopode Hedge Wizard)             Turns: 537, Time: 00:00:49

Health: -2/17      AC:  1    Str:  9    XL:     2   Next: 66%
Magic:  3/6        EV: 13    Int: 16    God:
Gold:   28         SH:  0    Dex: 11    Spells: 6/7 levels left

rFire    . . .     SeeInvis .   a - +0 dagger
rCold    . . .     Faith    .   (no shield)
rNeg     . . .     Spirit   .   b - +0 hat
rPois    .         Reflect  .   (no amulet)
rElec    .         Harm     .   (no ring)
rCorr    .         Rampage  .   (no ring)
Will     .....                  (no ring)
Stlth    +++.......             (no ring)
HPRegen  0.05/turn              (no ring)
MPRegen  0.10/turn              (no ring)
                                (no ring)
                                (no ring)

@: lethally poisoned (-2 -> -18), very slightly contaminated
A: almost no armour, stealthy swim, amphibious, 8 rings, constrict 8, camouflage
1, gelatinous body 1
a: no special abilities


You were on level 2 of the Dungeon.
You visited 1 branch of the dungeon, and saw 2 of its levels.

You collected 28 gold pieces.

Inventory:

Hand Weapons
 a - a +0 dagger (weapon)
Armour
 b - a +0 hat (worn)
Jewellery
 c - an uncursed ring of magical power {unknown}
Scrolls
 d - a scroll of identify {unknown}
 e - 2 scrolls of teleportation {unknown}


   Skills:
 - Level 2.0 Dodging
 + Level 3.2 Stealth
 + Level 3.2 Spellcasting
 + Level 1.4 Conjurations
 + Level 1.4 Summonings
 - Level 1.0 Translocations


You had 6 spell levels left.
You knew the following spells:

 Your Spells              Type           Power        Failure   Level
a - Magic Dart            Conj           28%          10%         1

Your spell library contained the following spells:

 Spells                   Type           Power        Failure   Level
 Call Imp                 Summ           7%           16%         2
 Blink                    Tloc           N/A          19%         2
 Slow                     Hex            2%           28%         2
 Conjure Flame            Conj/Fire      4%           38%         3
 Mephitic Cloud           Conj/Pois/Air  4%           41%         3


Dungeon Overview and Level Annotations

Branches:
Dungeon (1/15)

Altars:


Innate Abilities, Weirdness & Mutations

You cannot wear most types of armour.
You are very stealthy in the water. (Stealth+)
You are amphibious.
You can wear up to eight rings at the same time.
You can use your tentacles to constrict eight enemies at once.
Your skin changes colour to match your surroundings (Stealth+).
Your rubbery body absorbs attacks. (AC +1, EV +1)


Message History

The adder is moderately wounded.
You feel sick. The adder misses you.
You miss the adder. Your grab misses the adder.
The adder is moderately wounded.
The adder completely misses you. The adder bites you.
You are lethally poisoned!
The adder poisons you!
You barely miss the adder. Your grab misses the adder.
The adder is moderately wounded.
You feel sick. The adder bites you.
You barely miss the adder. Your grab misses the adder.
The adder is moderately wounded.
You feel sick. The adder bites you but does no damage.
You miss the adder. Your grab misses the adder.
The adder is moderately wounded.
You feel sick. The adder bites you.
* * * LOW HITPOINT WARNING * * *
You are more poisoned.
The adder poisons you! The adder bites you.
You die...

## #... #. ...... # ..
...... #.#.# ......
....# ......
#...##.......
#............# #.@S# <.
+# . ###.# #.## .##.
####.####..#..##....
#...................
.....##<########.#..###
#### #.# #....... #.#
##...... ##.###
##..##### #....#
###..##


You could see an adder.

Vanquished Creatures
  A dart slug (D:1)
  A giant cockroach (D:2)
  2 goblins (D:1)
  3 hobgoblins (D:1)
  3 bats
  A frilled lizard (D:1)
  3 kobolds (D:1)
  A rat (D:1)
15 creatures vanquished.

Notes
Turn   | Place    | Note
-------+----------+-------------------------------------------
     0 | D:1      | thiole the Octopode Hedge Wizard began the quest for the
                  | Orb.
     0 | D:1      | Reached XP level 1. HP: 11/11 MP: 4/4
   118 | D:1      | Reached XP level 2. HP: 11/17 MP: 1/6
   468 | D:1      | You fall into a shaft and drop 1 floor!
   537 | D:2      | Slain by an adder

Illustrated notes

Levels and vault maps discovered:
D:1:      dpeg_arrival_brainrot, layout_basic, minmay_small_reverse_x
D:2:      layout_rooms, zin_angel, nicolae_overflow_hidden_temple,
          dk_noncrumbling_2

Skill      XL: |  1 |
---------------+----+-----
Stealth        | 3 |  3.2
Dodging        | |  2.0
Spellcasting   | |  3.2
Conjurations   | |  1.4
Summonings     | |  1.4
Translocations | |  1.0

Action                   || total
-------------------------++-------
Melee: Dagger            ||    22
       Constrict         ||     6
       Tentacles         ||     3
 Cast: Magic Dart        ||    20
 Stab: Sleeping          ||     2
Armor: Skin              ||     5
Dodge: Dodged            ||    11
